[ PARTIDA AOE2 · #479288555 ]
UnrankedPolacos vs Portuguese
[ ANÁLISIS DE REPETICIÓN · EXTRAÍDO DE LA PARTIDA GRABADA ]
Feudal
12:12
Castillos
31:18
Imperial
50:59
| APM promedio | 25.7 |
| APM pico | 61 |
| eAPM promedio | 14.2 |
| Aldeanos / militares | 166 / 295 |
Foco
⚔️ 29.0% · 🌾 71.0%
Knight ×209 · Spearman ×65 · Scorpion ×7 · Scout Cavalry ×7 · Obuch ×3 · Battering Ram ×3
Feudal
12:43
Castillos
42:28
Imperial
59:54
| APM promedio | 23.4 |
| APM pico | 56 |
| eAPM promedio | 12.8 |
| Aldeanos / militares | 154 / 275 |
Foco
⚔️ 36.0% · 🌾 64.0%
Spearman ×189 · Archer ×62 · Battering Ram ×17 · Knight ×6 · Scout Cavalry ×1
Feudal
13:01
Castillos
16:39
Imperial
40:30
| APM promedio | 62.6 |
| APM pico | 116 |
| eAPM promedio | 34.9 |
| Aldeanos / militares | 233 / 465 |
Foco
⚔️ 43.7% · 🌾 56.3%
Camel Scout ×183 · Knight ×141 · Hand Cannoneer ×106 · Trebuchet (Packed) ×26 · War Elephant ×4 · Militia ×3
Feudal
12:50
Castillos
16:26
Imperial
45:54
| APM promedio | 30.4 |
| APM pico | 65 |
| eAPM promedio | 18.4 |
| Aldeanos / militares | 188 / 368 |
Foco
⚔️ 40.6% · 🌾 59.4%
Spearman ×191 · Shotel Warrior ×124 · Archer ×48 · Trebuchet (Packed) ×4 · Militia ×1 · Trade Cart ×1
Mapa de la partida
Recursos iniciales + cada clic de construcción. Líneas = muros · curvas = relieve. ◆ oro · ⬟ piedra · ● bayas · ✦ reliquia · ◌ hueco del cierre
Tu base· Abierta — flanco sin cerrar
Base de Pyc_Soldier· Abierta — flanco sin cerrar
Base de Arktik· Abierta — flanco sin cerrar
Base de The FroZen BlaDe· Abierta — flanco sin cerrar
Terreno inicial suavizado · ◌ = hueco del cierre detectado · pasá el cursor para detalles
Inputs por minuto
— GELO163Rus - - Pyc_Soldier
Build order — GELO163Rus
Primeras 150 de 474 acciones detectadas
| 0:08 | Construir | Town Center |
| 0:18 | Construir | House |
| 2:23 | Crear | Villager (Male) ×4 |
| 2:23 | Investigar | Loom |
| 3:03 | Construir | House |
| 4:23 | Crear | Villager (Male) |
| 4:26 | Crear | Villager (Male) |
| 4:26 | Crear | Villager (Male) |
| 4:27 | Crear | Villager (Male) |
| 4:35 | Construir | House |
| 4:36 | Construir | House |
| 4:56 | Crear | Villager (Male) |
| 5:53 | Construir | Lumber Camp |
| 6:00 | Crear | Villager (Male) |
| 6:00 | Crear | Villager (Male) |
| 6:01 | Crear | Villager (Male) |
| 6:24 | Crear | Villager (Male) |
| 6:36 | Construir | House |
| 7:38 | Crear | Villager (Male) |
| 7:39 | Crear | Villager (Male) |
| 7:39 | Crear | Villager (Male) |
| 7:48 | Crear | Villager (Male) |
| 9:16 | Crear | Villager (Male) |
| 9:23 | Construir | Mill |
| 9:41 | Construir | Mill |
| 10:02 | Investigar | Feudal Age |
| 11:25 | Construir | Barracks |
| 11:30 | Construir | Palisade Gate |
| 12:12 | Edad | Edad Feudal |
| 12:15 | Crear | Villager (Male) |
| 12:23 | Construir | Stable |
| 12:25 | Crear | Villager (Male) |
| 12:27 | Crear | Villager (Male) |
| 12:43 | Construir | House |
| 12:47 | Construir | Palisade Wall |
| 12:49 | Crear | Villager (Male) |
| 13:18 | Crear | Scout Cavalry |
| 13:18 | Crear | Scout Cavalry |
| 13:19 | Crear | Scout Cavalry |
| 13:19 | Crear | Scout Cavalry |
| 13:24 | Investigar | Double-Bit Axe |
| 13:25 | Crear | Villager (Male) |
| 13:37 | Construir | House |
| 14:15 | Construir | Blacksmith |
| 14:27 | Construir | Palisade Wall |
| 14:31 | Construir | Palisade Gate |
| 14:37 | Crear | Villager (Male) |
| 14:38 | Crear | Villager (Male) |
| 14:48 | Crear | Scout Cavalry |
| 15:09 | Construir | Farm |
| 15:11 | Construir | Farm |
| 15:15 | Investigar | Forging |
| 15:27 | Crear | Villager (Male) |
| 15:29 | Construir | Farm |
| 15:30 | Construir | Farm |
| 15:34 | Construir | Farm |
| 16:16 | Crear | Villager (Male) |
| 16:26 | Construir | Watch Tower |
| 16:49 | Crear | Villager (Male) |
| 17:27 | Construir | Mining Camp |
| 17:30 | Crear | Villager (Male) |
| 17:47 | Crear | Villager (Male) |
| 17:52 | Construir | Watch Tower |
| 18:16 | Construir | Farm |
| 18:33 | Crear | Villager (Male) |
| 18:40 | Crear | Villager (Male) |
| 18:41 | Crear | Villager (Male) |
| 19:04 | Construir | Farm |
| 19:49 | Construir | Palisade Gate |
| 21:15 | Crear | Villager (Male) |
| 21:46 | Crear | Villager (Male) |
| 21:47 | Crear | Villager (Male) |
| 21:47 | Crear | Villager (Male) |
| 22:22 | Crear | Villager (Male) |
| 22:27 | Construir | Farm |
| 23:02 | Crear | Villager (Male) |
| 23:07 | Construir | House |
| 23:10 | Construir | House |
| 23:32 | Construir | Watch Tower |
| 24:30 | Crear | Villager (Male) |
| 24:34 | Crear | Spearman |
| 24:35 | Crear | Spearman |
| 24:54 | Construir | Market |
| 25:24 | Crear | Villager (Male) |
| 25:37 | Construir | Mill |
| 25:39 | Construir | Farm |
| 25:40 | Construir | Farm |
| 25:43 | Construir | Farm |
| 25:54 | Investigar | Fletching |
| 26:01 | Construir | Farm |
| 26:21 | Construir | Farm |
| 26:27 | Construir | Mill |
| 26:44 | Construir | Farm |
| 27:23 | Crear | Villager (Male) |
| 27:23 | Crear | Villager (Male) |
| 27:25 | Crear | Villager (Male) |
| 27:32 | Crear | Villager (Male) |
| 27:34 | Crear | Villager (Male) |
| 27:34 | Crear | Villager (Male) |
| 28:28 | Investigar | Castle Age |
| 28:39 | Investigar | Horse Collar |
| 28:51 | Construir | Lumber Camp |
| 28:56 | Crear | Villager (Male) |
| 29:29 | Crear | Scout Cavalry |
| 29:30 | Crear | Scout Cavalry |
| 29:32 | Investigar | Bloodlines |
| 30:01 | Construir | Mining Camp |
| 31:18 | Edad | Edad de los Castillos |
| 31:27 | Construir | Town Center |
| 31:30 | Crear | Villager (Male) |
| 31:50 | Investigar | Husbandry |
| 31:51 | Crear | Knight |
| 31:51 | Crear | Knight |
| 31:51 | Crear | Knight |
| 31:51 | Crear | Knight |
| 31:54 | Crear | Villager (Male) |
| 31:54 | Crear | Villager (Male) |
| 31:56 | Investigar | Wheelbarrow |
| 32:15 | Construir | Castle |
| 32:19 | Construir | Farm |
| 32:21 | Construir | Farm |
| 32:22 | Construir | Farm |
| 32:26 | Crear | Villager (Male) |
| 32:28 | Crear | Villager (Male) |
| 32:33 | Crear | Knight |
| 32:33 | Crear | Knight |
| 32:54 | Construir | Farm |
| 32:59 | Construir | Farm |
| 33:00 | Construir | Farm |
| 33:09 | Investigar | Scale Barding Armor |
| 33:18 | Crear | Villager (Male) |
| 33:38 | Construir | Farm |
| 33:46 | Crear | Knight |
| 33:46 | Crear | Knight |
| 33:50 | Crear | Villager (Male) |
| 33:55 | Construir | Farm |
| 34:23 | Construir | Stable |
| 34:26 | Crear | Villager (Male) |
| 34:30 | Construir | Farm |
| 35:58 | Crear | Knight |
| 35:59 | Crear | Knight |
| 35:59 | Crear | Knight |
| 35:59 | Crear | Knight |
| 35:59 | Crear | Knight |
| 36:00 | Crear | Knight |
| 36:00 | Crear | Knight |
| 36:12 | Construir | Monastery |
| 36:15 | Construir | House |
| 36:16 | Crear | Villager (Male) |
| 36:17 | Crear | Villager (Male) |
Build order — Pyc_Soldier
Primeras 150 de 432 acciones detectadas
| 0:31 | Construir | Town Center |
| 0:49 | Construir | House |
| 2:38 | Crear | Villager (Male) |
| 2:38 | Crear | Villager (Male) |
| 2:39 | Crear | Villager (Male) |
| 2:59 | Crear | Villager (Male) |
| 4:10 | Crear | Villager (Male) |
| 4:15 | Construir | House |
| 4:17 | Crear | Villager (Male) |
| 4:17 | Crear | Villager (Male) |
| 4:41 | Crear | Villager (Male) |
| 5:19 | Construir | Lumber Camp |
| 5:24 | Crear | Villager (Male) |
| 5:40 | Crear | Villager (Male) |
| 5:40 | Crear | Villager (Male) |
| 5:51 | Crear | Villager (Male) |
| 5:51 | Crear | Villager (Male) |
| 6:06 | Construir | House |
| 6:19 | Crear | Villager (Male) |
| 6:33 | Crear | Villager (Male) |
| 6:52 | Construir | Outpost |
| 6:54 | Crear | Villager (Male) |
| 7:01 | Crear | Villager (Male) |
| 7:17 | Crear | Villager (Male) |
| 7:33 | Crear | Villager (Male) |
| 7:44 | Crear | Villager (Male) |
| 7:52 | Construir | Lumber Camp |
| 7:56 | Crear | Villager (Male) |
| 8:15 | Crear | Villager (Male) |
| 8:40 | Crear | Villager (Male) |
| 8:40 | Crear | Villager (Male) |
| 9:00 | Construir | House |
| 9:05 | Crear | Villager (Male) |
| 9:29 | Construir | Mill |
| 10:04 | Investigar | Loom |
| 10:23 | Investigar | Feudal Age |
| 10:41 | Construir | Barracks |
| 11:02 | Construir | Mining Camp |
| 11:33 | Construir | House |
| 12:12 | Construir | Palisade Wall |
| 12:23 | Construir | Palisade Wall |
| 12:43 | Edad | Edad Feudal |
| 12:46 | Construir | Watch Tower |
| 12:51 | Crear | Spearman |
| 12:51 | Crear | Spearman |
| 12:51 | Crear | Spearman |
| 13:01 | Construir | Watch Tower |
| 13:05 | Investigar | Loom |
| 13:52 | Construir | Blacksmith |
| 13:54 | Crear | Villager (Male) |
| 14:20 | Construir | Watch Tower |
| 14:37 | Construir | House |
| 14:47 | Crear | Villager (Male) |
| 14:47 | Crear | Villager (Male) |
| 14:56 | Construir | Mining Camp |
| 15:11 | Construir | House |
| 15:27 | Crear | Villager (Male) |
| 15:27 | Crear | Villager (Male) |
| 15:32 | Investigar | Fletching |
| 15:50 | Construir | Watch Tower |
| 16:52 | Crear | Spearman |
| 17:31 | Construir | Watch Tower |
| 17:41 | Crear | Villager (Male) |
| 17:41 | Crear | Villager (Male) |
| 18:37 | Crear | Villager (Male) |
| 18:44 | Construir | Stable |
| 18:46 | Crear | Villager (Male) |
| 18:47 | Crear | Villager (Male) |
| 18:47 | Crear | Villager (Male) |
| 19:08 | Construir | Watch Tower |
| 21:54 | Construir | Lumber Camp |
| 22:25 | Investigar | Wheelbarrow |
| 23:21 | Construir | Mill |
| 23:53 | Crear | Villager (Male) |
| 23:58 | Construir | Farm |
| 24:02 | Construir | Farm |
| 24:04 | Crear | Villager (Male) |
| 24:31 | Crear | Villager (Male) |
| 24:34 | Construir | Farm |
| 24:40 | Crear | Villager (Male) |
| 25:41 | Crear | Villager (Male) |
| 25:41 | Crear | Villager (Male) |
| 26:09 | Crear | Villager (Male) |
| 28:59 | Construir | Town Center |
| 29:32 | Construir | Palisade Wall |
| 29:41 | Construir | Palisade Wall |
| 30:05 | Crear | Villager (Male) |
| 30:05 | Crear | Villager (Male) |
| 30:18 | Crear | Villager (Male) |
| 30:31 | Construir | Palisade Gate |
| 30:41 | Construir | Farm |
| 30:56 | Construir | Mill |
| 31:10 | Construir | Farm |
| 31:12 | Construir | Farm |
| 31:23 | Crear | Villager (Male) |
| 31:23 | Crear | Villager (Male) |
| 31:25 | Crear | Villager (Male) |
| 31:26 | Crear | Villager (Male) |
| 31:32 | Construir | Farm |
| 31:54 | Construir | Farm |
| 31:57 | Construir | Farm |
| 32:38 | Construir | Barracks |
| 34:00 | Crear | Villager (Male) |
| 34:01 | Crear | Villager (Male) |
| 34:01 | Crear | Villager (Male) |
| 34:09 | Construir | Farm |
| 34:54 | Construir | Barracks |
| 35:06 | Crear | Villager (Male) |
| 35:07 | Crear | Villager (Male) |
| 35:42 | Construir | Mill |
| 35:51 | Crear | Spearman |
| 35:52 | Crear | Spearman |
| 35:52 | Crear | Spearman |
| 36:01 | Crear | Villager (Male) |
| 36:20 | Construir | Stable |
| 36:26 | Crear | Villager (Male) |
| 36:27 | Crear | Villager (Male) |
| 36:46 | Crear | Villager (Male) |
| 36:46 | Crear | Villager (Male) |
| 36:57 | Investigar | Double-Bit Axe |
| 37:00 | Investigar | Horse Collar |
| 37:11 | Crear | Villager (Male) |
| 37:14 | Crear | Scout Cavalry |
| 37:40 | Construir | Stable |
| 37:53 | Construir | Mill |
| 38:15 | Construir | House |
| 38:27 | Investigar | Town Watch |
| 38:44 | Construir | House |
| 38:58 | Crear | Villager (Male) |
| 38:58 | Crear | Villager (Male) |
| 39:22 | Construir | Farm |
| 39:27 | Construir | Farm |
| 39:45 | Investigar | Castle Age |
| 39:50 | Construir | Mining Camp |
| 41:59 | Investigar | Gold Mining |
| 42:17 | Investigar | Bloodlines |
| 42:28 | Edad | Edad de los Castillos |
| 42:29 | Crear | Villager (Male) |
| 42:29 | Crear | Villager (Male) |
| 42:36 | Construir | Town Center |
| 42:38 | Crear | Knight |
| 42:39 | Crear | Knight |
| 42:55 | Investigar | Husbandry |
| 43:05 | Construir | Blacksmith |
| 43:09 | Crear | Villager (Male) |
| 43:29 | Crear | Knight |
| 43:30 | Crear | Knight |
| 43:34 | Crear | Villager (Male) |
| 43:35 | Crear | Villager (Male) |
| 43:48 | Crear | Villager (Male) |
Build order — Arktik
Primeras 150 de 802 acciones detectadas
| 0:21 | Construir | Town Center |
| 1:37 | Construir | House |
| 2:38 | Crear | Villager (Male) ×5 |
| 2:38 | Crear | Villager (Male) ×5 |
| 2:48 | Construir | House |
| 3:08 | Construir | House |
| 3:22 | Construir | House |
| 4:08 | Crear | Villager (Male) |
| 4:08 | Crear | Villager (Male) |
| 4:42 | Construir | Lumber Camp |
| 4:49 | Construir | House |
| 4:51 | Construir | Palisade Wall |
| 5:04 | Crear | Villager (Male) |
| 5:04 | Crear | Villager (Male) |
| 5:22 | Crear | Villager (Male) |
| 5:22 | Crear | Villager (Male) |
| 5:49 | Crear | Villager (Male) |
| 5:49 | Crear | Villager (Male) |
| 5:49 | Crear | Villager (Male) |
| 6:38 | Construir | House |
| 6:39 | Construir | Palisade Wall |
| 6:55 | Crear | Villager (Male) |
| 6:55 | Crear | Villager (Male) |
| 7:17 | Construir | House |
| 7:38 | Construir | Mill |
| 7:47 | Crear | Villager (Male) |
| 8:12 | Crear | Villager (Male) |
| 8:12 | Crear | Villager (Male) |
| 8:30 | Crear | Villager (Male) |
| 8:51 | Crear | Villager (Male) |
| 9:44 | Investigar | Loom |
| 9:57 | Crear | Villager (Male) |
| 9:57 | Crear | Villager (Male) |
| 10:15 | Investigar | Feudal Age |
| 10:24 | Construir | Mining Camp |
| 11:55 | Construir | Barracks |
| 12:40 | Crear | Villager (Male) |
| 12:41 | Crear | Villager (Male) |
| 13:01 | Edad | Edad Feudal |
| 13:02 | Construir | Stable |
| 13:40 | Construir | Blacksmith |
| 13:45 | Crear | Villager (Male) |
| 13:56 | Investigar | Double-Bit Axe |
| 13:56 | Investigar | Double-Bit Axe |
| 14:03 | Construir | House |
| 14:06 | Construir | House |
| 14:13 | Construir | House |
| 14:14 | Investigar | Castle Age |
| 14:46 | Construir | Palisade Wall |
| 14:52 | Investigar | Bloodlines |
| 15:08 | Construir | Stable |
| 15:19 | Construir | Farm |
| 15:32 | Construir | Palisade Wall |
| 15:49 | Investigar | Scale Barding Armor |
| 15:49 | Investigar | Scale Barding Armor |
| 16:17 | Construir | Farm |
| 16:25 | Construir | House |
| 16:35 | Crear | Villager (Male) |
| 16:39 | Edad | Edad de los Castillos |
| 16:41 | Crear | Knight |
| 16:41 | Crear | Knight |
| 16:41 | Crear | Knight |
| 16:57 | Crear | Knight |
| 17:05 | Construir | Farm |
| 17:07 | Crear | Villager (Male) |
| 17:08 | Crear | Villager (Male) |
| 17:25 | Construir | Farm |
| 17:26 | Crear | Villager (Male) |
| 17:40 | Construir | Farm |
| 17:46 | Crear | Knight |
| 17:46 | Crear | Knight |
| 17:46 | Crear | Knight |
| 17:46 | Crear | Knight |
| 17:49 | Crear | Villager (Male) |
| 17:49 | Crear | Villager (Male) |
| 18:01 | Construir | Farm |
| 18:05 | Construir | Farm |
| 18:16 | Crear | Knight |
| 18:16 | Crear | Knight |
| 18:20 | Construir | Farm |
| 18:22 | Construir | Farm |
| 18:26 | Construir | Farm |
| 18:31 | Crear | Villager (Male) |
| 18:49 | Crear | Knight |
| 18:52 | Crear | Villager (Male) |
| 18:57 | Construir | Farm |
| 19:12 | Construir | Farm |
| 19:13 | Crear | Villager (Male) |
| 19:23 | Construir | Farm |
| 19:28 | Crear | Knight |
| 19:28 | Crear | Knight |
| 19:28 | Crear | Knight |
| 19:43 | Crear | Villager (Male) |
| 19:46 | Construir | House |
| 19:47 | Construir | House |
| 19:52 | Crear | Villager (Male) |
| 20:09 | Construir | House |
| 20:35 | Construir | Town Center |
| 20:59 | Crear | Villager (Male) |
| 21:02 | Investigar | Husbandry |
| 21:03 | Investigar | Forging |
| 21:03 | Investigar | Forging |
| 21:18 | Crear | Knight |
| 21:22 | Construir | Farm |
| 21:25 | Crear | Villager (Male) |
| 21:26 | Crear | Villager (Male) |
| 21:42 | Crear | Knight |
| 21:53 | Crear | Villager (Male) |
| 22:05 | Crear | Villager (Male) |
| 22:08 | Construir | Farm |
| 22:09 | Construir | Farm |
| 22:13 | Crear | Villager (Male) |
| 22:33 | Crear | Villager (Male) |
| 22:33 | Crear | Villager (Male) |
| 22:54 | Crear | Villager (Male) |
| 22:54 | Crear | Villager (Male) |
| 23:05 | Crear | Villager (Male) |
| 23:05 | Crear | Villager (Male) |
| 23:09 | Construir | Farm |
| 23:09 | Construir | Farm |
| 23:09 | Construir | Farm |
| 23:13 | Crear | Knight |
| 23:13 | Crear | Knight |
| 23:13 | Crear | Knight |
| 23:31 | Construir | Farm |
| 23:35 | Investigar | Chain Barding Armor |
| 23:35 | Investigar | Chain Barding Armor |
| 23:35 | Investigar | Chain Barding Armor |
| 23:52 | Crear | Knight |
| 24:03 | Construir | Stone Wall |
| 24:14 | Crear | Villager (Male) |
| 24:14 | Crear | Villager (Male) |
| 24:21 | Crear | Knight |
| 24:24 | Construir | Farm |
| 24:25 | Crear | Villager (Male) |
| 24:33 | Construir | Gate |
| 24:36 | Crear | Knight |
| 24:42 | Construir | Farm |
| 24:44 | Crear | Villager (Male) |
| 24:59 | Crear | Knight |
| 25:07 | Construir | Farm |
| 25:08 | Crear | Villager (Male) |
| 25:28 | Construir | Farm |
| 25:29 | Crear | Villager (Male) |
| 25:29 | Crear | Villager (Male) |
| 25:30 | Crear | Knight |
| 25:30 | Crear | Knight |
| 25:30 | Crear | Knight |
| 25:30 | Crear | Knight |
| 25:45 | Construir | House |
Build order — The FroZen BlaDe
Primeras 150 de 585 acciones detectadas
| 0:10 | Construir | Town Center |
| 2:02 | Construir | House |
| 2:19 | Crear | Villager (Male) |
| 2:19 | Crear | Villager (Male) |
| 2:20 | Crear | Villager (Male) |
| 2:39 | Construir | House |
| 2:52 | Crear | Villager (Male) |
| 2:52 | Crear | Villager (Male) |
| 3:30 | Construir | House |
| 3:51 | Crear | Villager (Male) |
| 3:51 | Crear | Villager (Male) |
| 4:24 | Crear | Villager (Male) |
| 4:24 | Crear | Villager (Male) |
| 4:32 | Construir | Lumber Camp |
| 4:45 | Crear | Villager (Male) |
| 4:46 | Crear | Villager (Male) |
| 4:57 | Crear | Villager (Male) |
| 4:57 | Crear | Villager (Male) |
| 5:31 | Crear | Villager (Male) |
| 5:31 | Crear | Villager (Male) |
| 5:52 | Construir | House |
| 5:58 | Crear | Villager (Male) |
| 5:58 | Crear | Villager (Male) |
| 6:54 | Crear | Villager (Male) |
| 6:55 | Crear | Villager (Male) |
| 7:12 | Construir | Mill |
| 7:36 | Crear | Villager (Male) |
| 7:50 | Crear | Villager (Male) |
| 8:05 | Crear | Villager (Male) |
| 8:33 | Construir | House |
| 9:00 | Crear | Villager (Male) ×5 |
| 9:01 | Crear | Villager (Male) |
| 9:01 | Crear | Villager (Male) |
| 9:49 | Crear | Villager (Male) |
| 9:58 | Crear | Villager (Male) |
| 10:06 | Investigar | Feudal Age |
| 11:05 | Construir | Mining Camp |
| 11:17 | Construir | Palisade Wall |
| 11:20 | Construir | Palisade Wall |
| 11:23 | Construir | Palisade Wall |
| 11:32 | Construir | House |
| 11:36 | Construir | House |
| 11:55 | Crear | Villager (Male) |
| 12:44 | Crear | Villager (Male) |
| 12:50 | Edad | Edad Feudal |
| 12:56 | Construir | Market |
| 13:03 | Construir | Blacksmith |
| 13:21 | Crear | Villager (Male) |
| 13:41 | Investigar | Castle Age |
| 13:41 | Investigar | Castle Age |
| 14:00 | Construir | Mining Camp |
| 14:29 | Investigar | Loom |
| 14:36 | Investigar | Double-Bit Axe |
| 14:46 | Construir | House |
| 15:01 | Construir | Palisade Wall |
| 15:18 | Investigar | Scale Mail Armor |
| 15:47 | Construir | Barracks |
| 16:26 | Edad | Edad de los Castillos |
| 16:48 | Crear | Villager (Male) |
| 17:12 | Construir | Castle |
| 17:24 | Investigar | Chain Mail Armor |
| 17:30 | Crear | Villager (Male) |
| 17:59 | Crear | Villager (Male) |
| 17:59 | Crear | Villager (Male) |
| 18:06 | Construir | Mill |
| 18:15 | Construir | Mill |
| 18:32 | Crear | Villager (Male) |
| 18:36 | Crear | Shotel Warrior |
| 18:37 | Crear | Shotel Warrior |
| 18:37 | Crear | Shotel Warrior |
| 18:52 | Crear | Shotel Warrior |
| 18:52 | Crear | Shotel Warrior |
| 18:58 | Crear | Shotel Warrior |
| 18:58 | Crear | Shotel Warrior |
| 19:17 | Construir | Mill |
| 19:19 | Crear | Shotel Warrior |
| 19:19 | Crear | Shotel Warrior |
| 19:19 | Crear | Shotel Warrior |
| 19:28 | Crear | Villager (Male) |
| 19:28 | Crear | Villager (Male) |
| 19:43 | Crear | Shotel Warrior |
| 19:44 | Crear | Shotel Warrior |
| 19:58 | Crear | Shotel Warrior |
| 19:59 | Crear | Shotel Warrior |
| 19:59 | Crear | Shotel Warrior |
| 20:11 | Crear | Villager (Male) |
| 20:17 | Crear | Shotel Warrior |
| 20:17 | Crear | Shotel Warrior |
| 21:22 | Crear | Villager (Male) |
| 21:22 | Crear | Villager (Male) |
| 21:25 | Construir | Farm |
| 21:26 | Construir | Farm |
| 21:26 | Construir | Farm |
| 21:26 | Construir | Farm |
| 21:27 | Construir | Farm |
| 21:27 | Construir | Farm |
| 21:28 | Investigar | Horse Collar |
| 22:09 | Crear | Shotel Warrior |
| 22:09 | Crear | Shotel Warrior |
| 22:10 | Crear | Shotel Warrior |
| 22:10 | Crear | Shotel Warrior |
| 22:10 | Crear | Shotel Warrior |
| 22:10 | Crear | Shotel Warrior |
| 22:10 | Crear | Shotel Warrior |
| 22:11 | Crear | Shotel Warrior |
| 22:13 | Crear | Shotel Warrior |
| 22:13 | Crear | Villager (Male) |
| 22:18 | Construir | Farm |
| 22:29 | Investigar | Gold Mining |
| 22:34 | Crear | Shotel Warrior |
| 22:42 | Crear | Villager (Male) |
| 22:55 | Investigar | Arson |
| 23:02 | Crear | Shotel Warrior |
| 23:02 | Crear | Shotel Warrior |
| 23:02 | Crear | Shotel Warrior |
| 23:25 | Construir | Mill |
| 23:30 | Construir | Farm |
| 23:30 | Construir | Farm |
| 23:31 | Construir | Farm |
| 23:31 | Construir | Farm |
| 23:32 | Crear | Villager (Male) |
| 23:34 | Crear | Shotel Warrior |
| 23:48 | Investigar | Forging |
| 23:57 | Crear | Villager (Male) |
| 23:57 | Crear | Villager (Male) |
| 24:01 | Crear | Shotel Warrior |
| 24:02 | Crear | Shotel Warrior |
| 24:16 | Crear | Shotel Warrior |
| 24:16 | Crear | Shotel Warrior |
| 24:24 | Crear | Shotel Warrior |
| 24:24 | Crear | Shotel Warrior |
| 24:42 | Crear | Shotel Warrior |
| 24:42 | Crear | Shotel Warrior |
| 24:42 | Crear | Shotel Warrior |
| 24:43 | Crear | Shotel Warrior |
| 25:20 | Crear | Shotel Warrior |
| 25:20 | Crear | Shotel Warrior |
| 25:21 | Crear | Shotel Warrior |
| 25:21 | Crear | Shotel Warrior |
| 25:21 | Crear | Shotel Warrior |
| 25:21 | Crear | Shotel Warrior |
| 25:21 | Crear | Shotel Warrior |
| 25:22 | Crear | Shotel Warrior |
| 25:34 | Crear | Shotel Warrior |
| 25:34 | Crear | Shotel Warrior |
| 25:39 | Construir | Farm |
| 25:39 | Construir | Farm |
| 25:39 | Construir | Farm |
| 25:39 | Construir | Farm |
| 25:45 | Crear | Shotel Warrior |
Cronología de la partida
| 4:51 | Arktik · wall_segment Palisade Wall x1 |
| 6:39 | Arktik · wall_segment Palisade Wall x1 |
| 10:41 | Pyc_Soldier · first_building Barracks |
| 11:17 | The FroZen BlaDe · wall_segment Palisade Wall x1 |
| 11:20 | The FroZen BlaDe · wall_segment Palisade Wall x5 |
| 11:23 | The FroZen BlaDe · wall_segment Palisade Wall x3 |
| 11:25 | GELO163Rus · first_building Barracks |
| 11:55 | Arktik · first_building Barracks |
| 12:12 | GELO163Rus · age_up feudal |
| 12:12 | Pyc_Soldier · wall_segment Palisade Wall x2 |
| 12:23 | Pyc_Soldier · wall_segment Palisade Wall x1 |
| 12:23 | GELO163Rus · first_building Stable |
| 12:43 | Pyc_Soldier · age_up feudal |
| 12:47 | GELO163Rus · wall_segment Palisade Wall x1 |
| 12:50 | The FroZen BlaDe · age_up feudal |
| 13:01 | Arktik · age_up feudal |
| 13:02 | Arktik · first_building Stable |
| 14:27 | GELO163Rus · wall_segment Palisade Wall x4 |
| 14:46 | Arktik · wall_segment Palisade Wall x5 |
| 15:01 | The FroZen BlaDe · wall_segment Palisade Wall x1 |
| 15:32 | Arktik · wall_segment Palisade Wall x4 |
| 15:47 | The FroZen BlaDe · first_building Barracks |
| 16:26 | The FroZen BlaDe · age_up castle |
| 16:39 | Arktik · age_up castle |
| 17:12 | The FroZen BlaDe · first_building Castle |
| 18:35 | The FroZen BlaDe · first_market_buy 100 food |
| 18:44 | Pyc_Soldier · first_building Stable |
| 24:03 | Arktik · wall_segment Stone Wall x8 |
| 25:52 | GELO163Rus · first_market_buy 100 food |
| 26:13 | The FroZen BlaDe · first_market_sell 100 wood |
| 27:47 | Arktik · first_market_sell 100 food |
| 27:48 | Arktik · first_market_buy 100 stone |
| 28:21 | GELO163Rus · first_market_sell 100 wood |
| 29:32 | Pyc_Soldier · wall_segment Palisade Wall x9 |
| 29:41 | Pyc_Soldier · wall_segment Palisade Wall x11 |
| 31:18 | GELO163Rus · age_up castle |
| 31:21 | The FroZen BlaDe · wall_segment Palisade Wall x3 |
| 32:15 | GELO163Rus · first_building Castle |
| 36:12 | GELO163Rus · first_building Monastery |
| 36:24 | GELO163Rus · tribute_sent a jugador 2 |
| 36:24 | GELO163Rus · tribute_sent a jugador 3 |
| 36:24 | GELO163Rus · tribute_sent a jugador 4 |
| 36:51 | Arktik · first_building Castle |
| 38:15 | Arktik · wall_segment Stone Wall x15 |
| 39:33 | Arktik · wall_segment Stone Wall x1 |
| 39:51 | Arktik · wall_segment Stone Wall x9 |
| 40:14 | Arktik · wall_segment Stone Wall x2 |
| 40:30 | Arktik · age_up imperial |
| 42:28 | Pyc_Soldier · age_up castle |
| 43:21 | Arktik · wall_segment Stone Wall x1 |
| 44:15 | The FroZen BlaDe · first_building Siege Workshop |
| 44:46 | Arktik · tribute_sent a jugador 1 |
| 44:46 | Arktik · tribute_sent a jugador 2 |
| 44:46 | Arktik · tribute_sent a jugador 4 |
| 45:44 | Arktik · wall_segment Stone Wall x7 |
| 45:46 | Arktik · wall_segment Stone Wall x2 |
| 45:54 | The FroZen BlaDe · age_up imperial |
| 46:13 | Pyc_Soldier · first_building Archery Range |
| 46:55 | Arktik · first_building Archery Range |
| 47:53 | Arktik · wall_segment Stone Wall x3 |
| 50:59 | GELO163Rus · age_up imperial |
| 51:11 | Arktik · tribute_sent a jugador 1 |
| 51:11 | Arktik · tribute_sent a jugador 2 |
| 51:11 | Arktik · tribute_sent a jugador 4 |
| 51:28 | GELO163Rus · tribute_sent a jugador 2 |
| 51:28 | GELO163Rus · tribute_sent a jugador 3 |
| 51:28 | GELO163Rus · tribute_sent a jugador 4 |
| 54:23 | Pyc_Soldier · first_building Siege Workshop |
| 56:23 | Arktik · tribute_sent a jugador 1 |
| 56:23 | Arktik · tribute_sent a jugador 2 |
| 56:23 | Arktik · tribute_sent a jugador 4 |
| 56:36 | Pyc_Soldier · first_building Monastery |
| 59:54 | Pyc_Soldier · age_up imperial |
| 60:02 | The FroZen BlaDe · first_building Archery Range |
| 61:16 | Pyc_Soldier · first_building Castle |
| 63:00 | GELO163Rus · tribute_sent a jugador 2 |
| 63:00 | GELO163Rus · tribute_sent a jugador 3 |
| 63:00 | GELO163Rus · tribute_sent a jugador 4 |
| 65:44 | GELO163Rus · first_building Siege Workshop |
| 67:23 | The FroZen BlaDe · resign |
| 69:12 | Arktik · wall_segment Stone Wall x1 |
| 70:03 | Arktik · wall_segment Stone Wall x3 |
[ ANÁLISIS IA · 1 CRÉDITO ]
¿Qué pasó realmente en esta partida?
Wolo.gg analiza cada decisión: build order, eco, micro, errores típicos por bracket. Análisis personalizado por WhatsApp o Discord en 30 segundos.
Guía civ
Polacos
Perfil
Jugador #3927667